 Dungeon Crawl Stone Soup version 0.30-a0-377-g5cb311bc9f (webtiles) character file.

Game seed: 261843762927243408

109 spicycupcake777 the Digger (level 4, -1/25 HPs)
             Began as a Gargoyle Earth Elementalist on Nov 30, 2022.
             Slain by an iguana (6 damage)
             ... on level 4 of the Dungeon.
             The game lasted 00:13:35 (2618 turns).

spicycupcake777 the Digger (GrEE)                   Turns: 2618, Time: 00:13:36

Health: -1/25      AC:  7    Str: 11    XL:     4   Next: 89%
Magic:  7/8        EV: 12    Int: 18    God:
Gold:   202        SH:  5    Dex: 16    Spells: 4/8 levels left

rFire   . . .      SeeInvis .    d - +4 dagger
rCold   . . .      Faith    .    (no shield)
rNeg    + . .      Spirit   .    a - +0 robe
rPois   ∞          Reflect  +    (no helmet)
rElec   +          Harm     .    m - +0 cloak
rCorr   .          Rampage  .    g - +0 pair of gloves
Will    .....                    (no boots)
Stlth   ++........               i - amulet of reflection
HPRegen 0.24/turn                e - +6 ring of dexterity
MPRegen 0.11/turn                (no ring)

@: no status effects
A: sickness immunity, AC +3, negative energy resistance 1, electricity
resistance, torment resistance 1, petrification resistance
a: no special abilities


You were on level 4 of the Dungeon.
You visited 1 branch of the dungeon, and saw 4 of its levels.

You collected 202 gold pieces.

Inventory:

Hand Weapons
 c - a +0 sling
 d - a +4 dagger (weapon)
Missiles
 h - a throwing net
Armour
 a - a +0 robe (worn)
 g - a +0 pair of gloves (worn)
 m - a +0 cloak (worn)
Jewellery
 e - a +6 ring of dexterity (left hand)
 i - an amulet of reflection (around neck)
Scrolls
 f - 4 scrolls of identify {unknown}
 o - 3 scrolls of enchant armour {unknown}
 p - a scroll of brand weapon {unknown}
 q - 2 scrolls of teleportation {unknown}
 t - a scroll of vulnerability {unknown}
 u - a scroll of torment {unknown}
Potions
 b - 2 potions of magic
 j - a potion of heal wounds {unknown}
 k - a potion of mutation {unknown}
 l - a potion of curing {unknown}
 n - a potion of might {unknown}
 r - a potion of cancellation {unknown}
 s - a potion of haste {unknown}


   Skills:
 + Level 1.1 Fighting
 + Level 0.9 Short Blades
 + Level 1.7 Dodging
 + Level 2.9 Stealth
 * Level 2.9 Spellcasting
 - Level 0.7 Transmutations
 * Level 4.8 Earth Magic


You had 4 spell levels left.
You knew the following spells:

 Your Spells              Type           Power      Damage    Failure   Level
a - Sandblast             Erth           38%        2d10      2%          1
b - Stone Arrow           Conj/Erth      22%        3d8       19%         3

Your spell library contained the following spells:

 Spells                   Type           Power      Damage    Failure   Level
 Passwall                 Tmut/Erth      10%        N/A       8%          2
 Beastly Appendage        Tmut           10%        N/A       12%         1
 Wereblood                Tmut           5%         N/A       19%         2
 Spider Form              Tmut/Pois      3%         N/A       38%         3
 Petrify                  Tmut/Erth      12%        N/A       45%         4
 Animate Armour           Summ/Erth      22%        N/A       52%         4
 Lehudib's Crystal Spear  Conj/Erth      5%         10d3      100%        8


Dungeon Overview and Level Annotations

Branches:
Dungeon (4/15)
 Temple: D:4-7

Altars:
Nemelex Xobeh

Annotations:
D:4 Duvessa


Innate Abilities, Weirdness & Mutations

You are immune to sickness and miasma.
Your stone body is resilient. (AC +3)
You are immune to poison.
You resist negative energy. (rN+)
You are resistant to electric shocks. (rElec)
You are resistant to unholy torment.
You are immune to petrification.


Message History

Aiming: Sandblast (safe; 2% risk of failure)
Press: ? - help, Q - select action, (/) - cycle Shift-Dir - straight line, f/p - hound
Aim: a hound (75% to hit)
The blast of sand hits the hound.
The hound is heavily wounded.
You block the hound's attack. You block the iguana's attack.
The hound bites you but does no damage. The iguana bites you.
You closely miss the hound.
The hound is moderately wounded.
You block the hound's attack. The hound closely misses you.
The iguana bites you.
You hit the hound.
The hound is severely wounded.
The hound barely misses you. The iguana bites you.
You closely miss the hound.
The hound is severely wounded.
The hound bites you but does no damage. The hound bites you.
The iguana bites you.
You hit the hound but do no damage.
The hound is severely wounded.
The hound bites you but does no damage.
An orc comes into view. It is wielding a +0 dagger.
The iguana misses you.
You hit the hound.
The hound is almost dead.
The hound bites you but does no damage. x2
You barely miss the hound.
The hound is almost dead.
The iguana barely misses you. You block the hound's attack.
You hit the hound.
You kill the hound!
The iguana bites you but does no damage.
Your Fighting skill increases to level 1!
You barely miss the iguana. The iguana bites you.
* * * LOW HITPOINT WARNING * * *
An orc wizard comes into view. It is wielding a +0 dagger.
You hit the iguana.
The iguana is lightly wounded.
The iguana bites you.
You die...

#..o.. ... .....
....##..... ###
.h...#..... ..
...........##.###
.....#.#......#..
......##l.....#
#.#..##@# #h...##.#
###.......#
#......##.##
#.#.....#..#####
#.#............#
#.#....##.....##
##.#..#.##.###.#
#######................


You could see an iguana and an orc wizard.

Vanquished Creatures
  A hound (D:4)
  An adder (D:2)
  2 dart slugs
  4 orcs
  7 ball pythons
  6 bats
  7 endoplasms
  A giant cockroach (D:3)
  6 goblins
  6 hobgoblins
  2 jackals (D:3)
  6 kobolds
  4 quokkas
  4 frilled lizards (D:1)
  4 rats
61 creatures vanquished.

Notes
Turn   | Place    | Note
-------+----------+-------------------------------------------
     0 | D:1      | spicycupcake777 the Gargoyle Earth Elementalist began the
                  | quest for the Orb.
     0 | D:1      | Reached XP level 1. HP: 10/10 MP: 3/3
    70 | D:1      | Reached skill level 4 in Earth Magic
   174 | D:1      | Reached XP level 2. HP: 15/15 MP: 3/5
   490 | D:1      | Reached XP level 3. HP: 19/19 MP: 4/6
   531 | D:1      | Learned a level 3 spell: Stone Arrow
  1751 | D:3      | Reached XP level 4. HP: 24/24 MP: 5/8
  1836 | D:3      | Identified the +3 ring mail of the Turtle {rF+ Stlth+}
  2248 | D:3      | Found a sparkling altar of Nemelex Xobeh.
  2569 | D:4      | Noticed Duvessa
  2595 | D:4      | Noticed a black bear
  2617 | D:4      | Reached skill level 1 in Fighting
  2618 | D:4      | Slain by an iguana

Illustrated notes

Levels and vault maps discovered:
D:1:      lightli_arrival_statuegarden, layout_basic, minmay_lizard_pond
D:2:      layout_basic, serial_curves, eino_curves_04, eino_curves_01
D:3:      layout_loops_ring, mainiacjoe_overflow_paths,
          wad_floor_pattern_untrapped
D:4:      layout_rooms, kennysheep_little_box, minmay_temple_entry_overgrown,
          uniq_duvessa

Skill      XL: |  1  2  3  4 |
---------------+-------------+-----
Earth Magic    | 4 |  4.8
Fighting       | 1 |  1.1
Short Blades   | |  0.9
Dodging        | |  1.7
Stealth        | |  2.9
Spellcasting   | |  2.9
Transmutations | |  0.7

Action                   |  1- 3 |  4- 6 || total
-------------------------+-------+-------++-------
Melee: Dagger            |     5 |    23 ||    28
 Fire: Sling             |     7 |       ||     7
 Cast: Sandblast         |    50 |    22 ||    72
 Stab: Sleeping          |     1 |     1 ||     2
Armor: Robe              |     1 |    10 ||    11
Dodge: Dodged            |     5 |    10 ||    15
Block: Other             |       |    10 ||    10

Table legend: (Time is in decaauts)
 A = Elapsed time spent in this place.
 B = Non-inter-level travel time spent in this place.
 C = Inter-level travel time spent in this place.
 D = Time resting spent in this place.
 E = Time spent auto-exploring this place.
 F = Levels seen in this place.
 G = Mean time per level.
                   A        B        C        D        E       F      G
               +--------+--------+--------+--------+--------+-----+--------+
         Total |   2654 |   2589 |     65 |    215 |   1967 |   4 |  663.5 |
       Dungeon |   2654 |   2589 |     65 |    215 |   1967 |   4 |  663.5 |
               +--------+--------+--------+--------+--------+-----+--------+

Top non-repeatable levels by time:
     D:2: 888 daAuts
     D:1: 826 daAuts
     D:3: 821 daAuts
     D:4: 118 daAuts
